 Dungeon Crawl Stone Soup version 0.14-a0-1721-g84c87b2 (webtiles) character file.

220 ReteAZ the Ogre Mage (level 4, -7/39 HPs)
             Began as an Ogre Wizard on Jan 2, 2014.
             Killed by divine providence
             ... invoked by an orc priest
              (11 damage)
             ... on Level 3 of the Dungeon.
             The game lasted 00:19:06 (3210 turns).

ReteAZ the Ogre Mage (Ogre Wizard)                  Turns: 3210, Time: 00:19:06

HP  -7/39        AC  4     Str 13      XL: 4   Next: 68%
MP   6/12        EV  9     Int 17      God:
Gold 123         SH  0     Dex  8      Spells:  3 memorised,  7 levels left

rFire  . . .     SeeInvis +     h - +0 elf whip
rCold  . . .     Clarity  .     r - +0 robe
rNeg   . . .     Conserve +     (shield restricted)
rPois  .         rCorr    +     b - +0 wizard hat
rElec  .         rRot     .     j - +0 cloak {rCorr, Cons}
SustAb . .       Spirit   .     (gloves unavailable)
rMut   .         Warding  .     (boots unavailable)
Saprov + . .     Stasis   .     (no amulet)
                                (no ring)
                                p - ring of see invisible

@: slightly resistant to hostile enchantments, unstealthy
A: unfitting armour, fast metabolism 1, saprovore 1, tough skin 1
a: no special abilities


You were on level 3 of the Dungeon.
You were near starving.

You visited 1 branch of the dungeon, and saw 3 of its levels.

You collected 123 gold pieces.

Inventory:

Hand weapons
 h - a +0,+0 elven whip (weapon)
 l - a +0,+0 sling
Missiles
 f - 27 darts (quivered)
 n - 29 stones
Armour
 b - a +0 wizard hat (worn)
 j - a +0 cloak of preservation (worn)
 r - a +0 robe (worn)
Comestibles
 d - 5 meat rations
 i - an apple
 q - a pear
 s - a bread ration
Scrolls
 e - a scroll of noise {unknown}
 g - 5 scrolls of identify
 o - a scroll of enchant weapon I {unknown}
 v - a scroll of remove curse {unknown}
Jewellery
 p - a ring of see invisible (left hand)
Potions
 a - a potion of curing
 m - a potion of confusion
Books
 c - a book of Minor Magic

   Spells                             Type                      Level
   *Magic Dart                        Conjuration                  1
   *Blink                             Translocation                2
   Call Imp                           Summoning                    2
   *Repel Missiles                    Charms/Air                   2
   Slow                               Hexes                        2
   Conjure Flame                      Conjuration/Fire             3
   Mephitic Cloud                     Conjuration/Poison/Air       3


   Skills:
 + Level 3.4 Maces & Flails
 - Level 1.7 Dodging
 - Level 1.5 Stealth
 + Level 4.9 Spellcasting
 - Level 1.0 Conjurations
   Level 0.6 Summonings
 - Level 0.6 Translocations


You had 7 spell levels left.
You knew the following spells:

 Your Spells              Type           Power        Failure   Level  Hunger
a - Magic Dart            Conj           #...         12%         1    None
b - Blink                 Tloc           N/A          21%         2    #......
c - Repel Missiles        Chrm/Air       #.........   24%         2    #......


Dungeon Overview and Level Annotations

Branches:
Dungeon (3/16)

Altars:
Ashenzari

Annotations:
D:2 Ijyb


Innate Abilities, Weirdness & Mutations

You are too large for most types of armour.
You have a fast metabolism.
You can tolerate rotten meat.
You have tough skin (AC +1).


Message History

The orc priest hits you with an orcish club!
* * * LOW HITPOINT WARNING * * *
Drink which item? (? for menu, Esc to quit)
Okay, then.
Casting: Magic Dart
Confirm with . or Enter, or press ? or * to list all spells.
You blink.
Found a stone staircase leading down.
Casting: Blink
Confirm with . or Enter, or press ? or * to list all spells.
You blink.
Found a scroll labeled STRICA VOPA.
Your magical contamination has completely faded away.
Found an orcish hand axe.
Found a potion of curing.
a - a potion of curing You are near starving!
The orc priest mumbles some strange prayers to Beogh against you.
Something smites you!
You die...

...... #.....#
.######.#.##############.....#
.............o...............#
.......?o......................
####.##.#.###########.........
#.#.# ## #.##.#.... #.### .#
#.##......
#o######.######.##.##.#.
#......@........##.##.#ยง
########..########.##.#. ..#
#####)##.#. .... ........<#.
##########.##.#. #...........#.
.######.####. #....# #. #.####
#.


You could see an orc priest.

Vanquished Creatures
  Crazy Yiuf (D:2)
  Jessica (D:2)
  An adder (D:2)
  An ooze (D:2)
  3 orcs
  6 bats
  2 giant cockroaches
  5 goblins
  3 hobgoblins
  A jackal (D:2)
  6 kobolds
  2 giant geckos (D:3)
  A giant newt (D:2)
  3 rats
36 creatures vanquished.

Notes
Turn   | Place    | Note
--------------------------------------------------------------
     0 | D:1      | ReteAZ, the Ogre Wizard, began the quest for the Orb.
     0 | D:1      | Reached XP level 1. HP: 16/16 MP: 4/4
   399 | D:1      | Reached skill level 1 in Conjurations
   470 | D:1      | Reached XP level 2. HP: 21/24 MP: 6/6
   562 | D:1      | Reached skill level 4 in Spellcasting
   854 | D:1      | Reached skill level 1 in Maces & Flails
  1360 | D:2      | Reached XP level 3. HP: 31/31 MP: 5/9
  1431 | D:2      | Found a shattered altar of Ashenzari.
  1469 | D:2      | Noticed Jessica
  1477 | D:2      | Killed Jessica
  1641 | D:2      | Noticed Ijyb
  2249 | D:1      | Reached XP level 4. HP: 39/39 MP: 6/11
  2719 | D:2      | Learned a level 2 spell: Blink
  2723 | D:2      | Learned a level 2 spell: Repel Missiles
  2776 | D:2      | Noticed Crazy Yiuf
  2790 | D:2      | HP: 3/87 [Crazy Yiuf/quarterstaff of chaos (18)]
  2792 | D:2      | Killed Crazy Yiuf
  2826 | D:2      | Identified a +0 cloak of preservation (You took it off Crazy Yiuf on level 2 of the Dungeon)
  3183 | D:3      | HP: 1/39 [orc priest/orcish club (8)]
  3210 | D:3      | Killed from afar by an orc priest

Action                   |  1- 3 |  4- 6 || total
-------------------------+-------+-------++-------
Melee: Short sword       |    51 |       ||    51
       Whip              |    90 |    49 ||   139
 Cast: Magic Dart        |    41 |    19 ||    60
       Blink             |       |     2 ||     2
  Use: Potion            |     2 |     3 ||     5
       Scroll            |     1 |     1 ||     2
 Stab: Sleeping          |       |     1 ||     1
